 Dungeon Crawl Stone Soup version 0.17-a0-2215-g49c1de0 (webtiles) character file.

260 4thArraOfDagon the Firebug (level 6, -32/32 HPs)
             Began as a Tengu Fire Elementalist on Oct 27, 2015.
             Killed from afar by a hill giant (42 damage)
             ... with an exploding inner flame
             ... hexed by the player character
             ... on level 7 of the Dungeon.
             The game lasted 00:06:34 (978 turns).

4thArraOfDagon the Firebug (Tengu Fire Elementalist) Turns: 978, Time: 00:06:34

Health: -32/32     AC:  2    Str: 13    XL:     6   Next: 17%
Magic:  0/11       EV: 12    Int: 17    God:
Gold:   68         SH:  0    Dex: 15    Spells: 5 memorised, 0 levels left

rFire  . . .     SeeInvis .     m - +0 dagger (curse)
rCold  . . .     Clarity  .     a - +0 robe
rNeg   . . .     SustAt   .     (no shield)
rPois  .         Gourm    .     (helmet restricted)
rElec  .         Spirit   .     (no cloak)
rCorr  .         Warding  .     (no gloves)
rMut   .         Stasis   .     (boots unavailable)
MR     .....                    (no amulet)
Stlth  ++........               (no ring)
                                (no ring)

@: mighty, very slightly contaminated, hasted, very quick, not resistant to
hostile enchantments, unstealthy
A: beak, talons 3, able to fly 1
a: Fly


You were on level 7 of the Dungeon.
You were very hungry.

You visited 1 branch of the dungeon, and saw 7 of its levels.

You collected 68 gold pieces.

Inventory:

Hand Weapons
 d - a +0 whip
 h - a +0 trident
 j - a +0 spear
 k - a +0 dire flail
 m - a cursed +0 dagger (weapon)
Armour
 a - a +0 robe (worn)
Scrolls
 e - a scroll of fog
Potions
 g - a potion of berserk rage
Books
 b - a book of Flames

   Spells                             Type                      Level
   a - Flame Tongue                   Conjuration/Fire             1
   b - Throw Flame                    Conjuration/Fire             2
   c - Conjure Flame                  Conjuration/Fire             3
   d - Inner Flame                    Hexes/Fire                   3
   e - Sticky Flame                   Conjuration/Fire             4
   f - Fireball                       Conjuration/Fire             5
 f - a book of Spatial Translocations

   Spells                             Type                      Level
   a - Apportation                    Translocation                1
   b - Blink                          Translocation                2
   c - Shroud of Golubria             Charms/Translocation         2
   d - Portal Projectile              Translocation                3
   e - Teleport Other                 Translocation                3
   f - Passage of Golubria            Translocation                4
 l - a Fen Folio

   Spells                             Type                      Level
   a - Corpse Rot                     Necromancy                   2
   b - Stone Arrow                    Conjuration/Earth            3
   c - Leda's Liquefaction            Hexes/Earth                  4
   d - Summon Forest                  Summoning/Translocation      5
   e - Hydra Form                     Transmutation                6
   f - Summon Hydra                   Summoning                    7
Comestibles
 c - 3 bread rations
 i - a royal jelly


   Skills:
 - Level 2.1 Dodging
 - Level 2.0 Stealth
 + Level 3.0 Spellcasting
 * Level 5.0 Conjurations
 * Level 5.3 Fire Magic


You couldn't memorise any spells.
You knew the following spells:

 Your Spells              Type           Power        Failure   Level  Hunger
a - Flame Tongue          Conj/Fire      ###..        2%          1    None
b - Conjure Flame         Conj/Fire      ###.....     10%         3    ###....
c - Sticky Flame          Conj/Fire      ###.....     24%         4    ####...
d - Apportation           Tloc           #.........   21%         1    None
e - Blink                 Tloc           N/A          30%         2    ##.....


Dungeon Overview and Level Annotations

Branches:
Dungeon (7/15)
 Temple: D:4-7

Altars:
Trog

Annotations:
D:4 Natasha
D:6 Grinder


Innate Abilities, Weirdness & Mutations

You have a beak for a mouth.
You have claws for feet.
You can fly.


Message History

Aiming: Flame Tongue
Press: ? - help, Shift-Dir - straight line, f/p - hill giant
Aim: a hill giant, wielding a giant spiked club (almost dead, inner flame)
The flame tongue hits the hill giant.
The hill giant is almost dead.
Unknown command.
The jackal barks!
Unknown command.
Unknown command.
Drink which item? (? for menu, Esc to quit)
Okay, then.
You closely miss the wight. You closely miss the wight.
Your peck misses the wight. The wight closely misses you.
A wight comes into view. It is wielding an enchanted hand axe.
You puncture the hill giant!
The hill giant explodes!
The fiery explosion engulfs you!
Ouch! That really hurt!
You die... .......... #............... ..##......... ....
Y..l.<....... .... ............. ... ?.h.......... zY#

........#####
#h# ......#.#
#z# .........
#@#
......#.##
#ยง#
......#.. #W#
#.# #.# ## #.
#.# ..# #.
#.# ...#.##.#
#.#..#.##


You could see a phantom, an ice beast, 2 wights and a jackal.

Vanquished Creatures
  Blork the orc (D:4)
  A vampire bat (D:5)
  A giant frog zombie (D:4)
  A centaur skeleton (D:5)
  2 gnolls
  7 adders
  An adder skeleton (D:3)
  2 orcs (D:3)
  A goblin (D:3)
  2 bats
  A giant cockroach (D:3)
  2 giant geckos (D:3)
  A kobold (D:3)
  2 rats (D:3)
25 creatures vanquished.

Notes
Turn   | Place    | Note
--------------------------------------------------------------
     0 | D:1      | 4thArraOfDagon the Tengu Fire Elementalist began the quest for the Orb.
     0 | D:1      | Reached XP level 1. HP: 10/10 MP: 4/4
    56 | D:2      | Reached XP level 2. HP: 15/15 MP: 1/6
   185 | D:3      | Reached XP level 3. HP: 2/19 MP: 0/7
   195 | D:3      | Learned a level 3 spell: Conjure Flame
   264 | D:3      | Reached skill level 4 in Fire Magic
   396 | D:3      | Reached XP level 4. HP: 13/24 MP: 0/8
   459 | D:3      | You fall through a shaft!
   463 | D:4      | Noticed Blork the orc
   489 | D:4      | Killed Blork the orc
   489 | D:4      | Gained mutation: You can fly. [Tengu growth]
   489 | D:4      | Reached XP level 5. HP: 3/28 MP: 8/10
   500 | D:4      | Learned a level 4 spell: Sticky Flame
   502 | D:4      | Noticed an ogre
   533 | D:4      | Noticed Natasha
   553 | D:5      | Entered Level 5 of the Dungeon
   591 | D:5      | Reached skill level 5 in Fire Magic
   636 | D:5      | Noticed an ice beast
   667 | D:6      | no god for you
   672 | D:6      | Noticed Grinder
   732 | D:5      | Reached skill level 5 in Conjurations
   732 | D:5      | Reached XP level 6. HP: 12/32 MP: 6/11
   761 | D:6      | nope
   792 | D:6      | Learned a level 1 spell: Apportation
   795 | D:6      | Learned a level 2 spell: Blink
   827 | D:6      | Found a bloodstained altar of Trog.
   837 | D:6      | Noticed a phantom
   846 | D:7      | nop
   862 | D:6      | Paralysed by Grinder for 6 turns
   931 | D:7      | Noticed a hill giant
   935 | D:7      | rly
   956 | D:7      | rly
   956 | D:7      | they changed that?
   978 | D:7      | Killed a hill giant
   978 | D:7      | Killed from afar by a hill giant

Vault maps used:
D:1:      scummos_arrival_simple_fountains
D:2:      first_bread, uniq_crazy_yiuf_cottage
D:4:      grunt_ministairs_13, uniq_natasha, uniq_pikel, uniq_blork_the_orc
D:5:      roderic_batcave, minmay_fountain_box
D:6:      kennysheep_windowed_halls, nicolae_overflow_crystal_walls,
          minmay_misc_feat_doors, uniq_grinder
D:7:      minmay_temple_entry_overgrown, the_bakery

Action                   |  1- 3 |  4- 6 || total
-------------------------+-------+-------++-------
Melee: Unarmed           |    13 |       ||    13
       Whip              |     9 |     2 ||    11
       Dagger            |       |    17 ||    17
       Dire flail        |       |     3 ||     3
 Cast: Flame Tongue      |    33 |    18 ||    51
       Conjure Flame     |       |     2 ||     2
       Sticky Flame      |       |     1 ||     1
  Use: Potion            |     2 |     5 ||     7
       Scroll            |       |     2 ||     2
 Stab: Sleeping          |     1 |     2 ||     3
  Eat: Chunk             |       |     1 ||     1
